 Dungeon Crawl Stone Soup version 0.16-a0-4020-g6ff35b5 (webtiles) character file.

10109 timbw the Carver (level 11, -9/84 HPs)
             Began as a Vampire Fighter on Feb 17, 2015.
             Was a High Priest of Makhleb.
             Killed from afar by Nergalle (29 damage)
             ... with a bolt of negative energy
             ... on level 3 of the Lair of Beasts.
             The game lasted 00:35:14 (7014 turns).

timbw the Carver (Vampire Fighter)                  Turns: 7014, Time: 00:35:14

Health: -9/84      AC: 15    Str: 18    XL:     11   Next: 31%
Magic:  0/11       EV: 12    Int: 10    God:    Makhleb [*****.]
Gold:   679        SH:  8    Dex: 11    Spells: 1 memorised, 8 levels left

rFire  + + +     SeeInvis +     P - +1 scimitar "Cing" {flame, rF+ Str+3 Dex-5}
rCold  + . .     Clarity  .     L - +7 ring mail of Yfaddeze {rElec rF++ MP-9}
rNeg   . . .     SustAb   .     c - +0 shield
rPois  .         Gourm    .     (no helmet)
rElec  +         Spirit   +     i - +1 cloak
rCorr  .         Warding  .     (no gloves)
rMut   .         Stasis   .     G - +0 pair of boots
MR     +....                    v - amulet of guardian spirit
Stlth  +.........               F - ring of protection from cold
                                f - ring of flight

@: regenerating quickly, heavily drained, somewhat resistant to hostile
enchantments, very unstealthy
A: bottle blood, fangs 3, repulsion field 1, see invisible, unbreathing
a: Minor Destruction, Lesser Servant of Makhleb, Major Destruction, Greater
Servant of Makhleb, Renounce Religion, Evoke Flight


You were on level 3 of the Lair of Beasts.
You worshipped Makhleb.
Makhleb was extremely pleased with you.
You were very full.

You visited 2 branches of the dungeon, and saw 14 of its levels.
You also visited: Labyrinth.

You collected 770 gold pieces.
You spent 91 gold pieces at shops.

Inventory:

Hand weapons
 w - a +1 long sword of freezing
 y - the +10 falchion "Wyfiox" {slice, Dex+2}
   (You took it off an orc on level 5 of the Dungeon)

   It inflicts extra damage upon your enemies.
   It affects your dexterity (+2).
 P - the +1 scimitar "Cing" (weapon) {flame, rF+ Str+3 Dex-5}
   (You found it on level 10 of the Dungeon)

   It has been specially enchanted to burn those struck by it, causing extra
   injury to most foes and up to half again as much damage against particularly
   susceptible opponents.
   Big, fiery blades are also staple armaments of hydra-hunters.
   It affects your strength (+3).
   It affects your dexterity (-5).
   It protects you from fire.
Missiles
 D - a throwing net (quivered)
Armour
 b - a +0 scale mail
 c - a +0 shield (worn)
 i - a +1 cloak (worn)
 x - a +0 pair of boots
 G - a +0 pair of boots (worn)
 L - the +7 ring mail of Yfaddeze (worn) {rElec rF++ MP-9}
   (You found it on level 9 of the Dungeon)

   It greatly protects you from fire.
   It insulates you from electricity.
   It affects your magic capacity (-9).
Magical staves
 p - an uncursed staff of earth
Rods
 T - a +5 rod of shadows (14/14)
   (You found it in a labyrinth)
Jewellery
 f - a ring of flight (left hand)
 v - an amulet of guardian spirit (around neck)
 F - a ring of protection from cold (right hand)
Magical devices
 d - a wand of draining (0)
 H - a wand of fire (8)
 M - a wand of frost (17)
 N - a wand of magic darts (21)
 R - a wand of disintegration (13)
 S - a wand of fire (4)
 U - a wand of paralysis (16)
Scrolls
 g - a scroll of fear
 m - a scroll of blinking
 o - 2 scrolls of enchant weapon
 r - 2 scrolls of amnesia
 t - 2 scrolls of remove curse
 z - a scroll of recharging
 B - 3 scrolls of magic mapping
 C - a scroll of teleportation
 E - 2 scrolls of noise
 K - a scroll of summoning
 V - a scroll of identify
 W - a scroll of immolation
Potions
 a - a potion of agility
 e - 3 potions of might
 h - a potion of ambrosia
 j - 2 potions of flight
 k - 2 potions of heal wounds
 l - a potion of restore abilities
 n - a potion of poison
 q - 4 potions of curing
 s - 2 potions of cure mutation
 u - a potion of brilliance
 Q - a potion of magic
Books
 I - a book of Burglary

   Spells                             Type                      Level
   a - Swiftness                      Charms/Air                   2
   b - Passwall                       Transmutation/Earth          3
   c - Passage of Golubria            Translocation                4
   d - Lee's Rapid Deconstruction     Earth                        5
   e - Invisibility                   Hexes                        6
   f - Darkness                       Hexes                        7
 X - a book of Enchantments

   Spells                             Type                      Level
   a - Tukima's Dance                 Hexes                        3
   b - Cause Fear                     Hexes                        4
   c - Silence                        Hexes/Air                    5
   d - Deflect Missiles               Charms/Air                   6
   e - Haste                          Charms                       6
   f - Discord                        Hexes                        8
 Y - a book of Air

   Spells                             Type                      Level
   a - Shock                          Conjuration/Air              1
   b - Swiftness                      Charms/Air                   2
   c - Repel Missiles                 Charms/Air                   2
   d - Flight                         Charms/Air                   3
   e - Static Discharge               Conjuration/Air              3
   f - Lightning Bolt                 Conjuration/Air              5


   Skills:
 + Level 7.5(6.0) Fighting
 * Level 12.7(11.0) Long Blades
 - Level 2.4(1.1) Armour
 + Level 8.1(6.6) Dodging
 - Level 2.6(1.3) Shields
 - Level 5.6(4.2) Invocations


You had 8 spell levels left.
You knew the following spells:

 Your Spells              Type           Power        Failure   Level  Hunger
a - Repel Missiles        Chrm/Air       #.....       100%        2    ###....


Dungeon Overview and Level Annotations

Branches:
Dungeon (11/15)            Temple (0/1) D:5            Lair (3/8) D:9
  Swamp: Lair:3-6    Shoals: Lair:3-6     Snake: Lair:3-6    Spider: Lair:3-6
    Orc: D:9-12

Altars:
Ashenzari
Dithmenos
Elyvilon
Fedhas
Gozag
Makhleb
Nemelex Xobeh
Sif Muna
Xom

Shops:
D:5 (   D:6 }

Annotations:
D:10 exclusion: orange crystal statue
Lair:3 Nergalle


Innate Abilities, Weirdness & Mutations

Your natural rate of healing is unusually fast.
You can bottle blood from corpses.
You have razor-sharp teeth.
You have supernaturally acute eyesight.
You can survive without breathing.
You are surrounded by a mild repulsion field (EV +2).


Message History

J - a potion of beneficial mutation You feel sick.
Drink which item? (? for menu, Esc to quit)
You begin to radiate repulsive energy.
You feel fantastic!
You feel sick.
Nergalle the Soulbinder comes into view.
She is wielding a dagger.
Nergalle shouts!
You feel sick.
You feel sick.
Found an escape hatch in the floor.
You feel sick.
Nergalle points at you and mumbles some strange words.
The bolt of negative energy hits you!
You feel drained.
* * * LOW HITPOINT WARNING * * *
You feel sick.
You are no longer poisoned.
There is an escape hatch in the floor here.
Nergalle gestures at you while chanting.
The bolt of negative energy hits you!
You feel drained.
You die...

### # ##..... #.##.......
#.......... ......... #......
##.....# #......# .. #...@.#
P..## ###....##
..P....##.....## .
..P............## .P#
##................###..# #...#
##....##.o.......## . #..#
#.#†..###..o......P# ...
P..#####....P###..#####P.#....
..###.#..##..#......####......


You could see Nergalle.

Vanquished Creatures
  A minotaur (Lab)
  A hydra (Lair:3)
  A centaur zombie (D:10)
  A black mamba (Lair:2)
  A spiny frog (Lair:3)
  2 komodo dragons (Lair:2)
  A troll (D:10)
  A polar bear (Lair:3)
  A two-headed ogre (D:9)
  A trapdoor spider zombie (D:10)
  3 yaks (D:9)
  A wyvern (D:10)
  A deep elf mage (D:10)
  Grum (D:8)
  2 wolves (D:8)
  3 hippogriffs
  Menkaure (D:5)
  A porcupine (Lair:1)
  4 water moccasins
  An ice beast (D:9)
  A phantom (D:4)
  7 ogres
  A necrophage (D:9)
  3 centaurs
  2 sky beasts
  2 black bears
  9 giant frogs
  2 crocodiles
  A scorpion (D:5)
  4 killer bees
  2 wights (D:6)
  2 jellies
  A goliath beetle (D:9)
  3 hounds
  3 crimson imps (D:6)
  An orc priest (D:10)
  A giant frog skeleton (D:8)
  8 orc wizards
  10 worker ants
  Terence (D:3)
  3 gnolls (D:8)
  A river rat (Lair:2)
  10 adders
  3 shadow imps
  3 worms
  An adder zombie (D:5)
  An adder skeleton (D:6)
  28 orcs
  A bat zombie (D:5)
  2 giant cockroaches
  12 goblins
  6 hobgoblins
  16 jackals
  12 kobolds
  8 quokkas
  9 bats
  A giant gecko (D:2)
  A giant gecko zombie (D:6)
  4 giant newts
  A jackal skeleton (D:7)
  10 rats
226 creatures vanquished.

Vanquished Creatures (collateral kills)
  An anaconda (shapeshifter) (D:10)
  A spiny frog (Lair:2)
  A gargoyle (D:10)
  A water moccasin (D:6)
  An ice beast (D:10)
  An orc warrior (D:6)
  A big kobold (D:10)
  A wight (D:6)
  An orc (D:10)
  A kobold (D:10)
  2 bats (D:10)
12 creatures vanquished.

Vanquished Creatures (others)
  An orange demon (D:10)
  A ynoxinul (Lair:3)
  A jelly (D:10)
  A giant spore (D:10)
4 creatures vanquished.

Grand Total: 242 creatures vanquished

Notes
Turn   | Place    | Note
--------------------------------------------------------------
     0 | D:1      | timbw, the Vampire Fighter, began the quest for the Orb.
     0 | D:1      | Reached XP level 1. HP: 17/17 MP: 1/1
   102 | D:1      | Reached XP level 2. HP: 20/23 MP: 2/2
   165 | D:1      | Found a sparkling altar of Nemelex Xobeh.
   210 | D:1      | Reached skill level 3 in Long Blades
   258 | D:2      | Found a burning altar of Makhleb.
   261 | D:2      | Became a worshipper of Makhleb the Destroyer
   490 | D:2      | Reached XP level 3. HP: 28/28 MP: 3/3
   580 | D:3      | Reached skill level 4 in Long Blades
   607 | D:3      | Acquired Makhleb's first power
   660 | D:3      | Reached XP level 4. HP: 30/34 MP: 4/4
   763 | D:3      | Reached skill level 5 in Long Blades
   956 | D:3      | Noticed Terence
   970 | D:3      | Killed Terence
   970 | D:3      | Reached XP level 5. HP: 36/39 MP: 5/5
  1110 | D:4      | Acquired Makhleb's second power
  1202 | D:5      | Entered Level 5 of the Dungeon
  1447 | D:5      | Noticed a black bear
  1449 | D:5      | Noticed a phantom
  1456 | D:5      | Killed a black bear
  1456 | D:5      | Reached skill level 6 in Long Blades
  1457 | D:5      | Noticed Menkaure
  1486 | D:4      | Killed a phantom
  1486 | D:4      | Reached XP level 6. HP: 43/46 MP: 3/6
  1541 | D:5      | Noticed an ogre
  1544 | D:5      | Killed Menkaure
  1544 | D:5      | Reached skill level 7 in Long Blades
  1549 | D:5      | Killed an ogre
  1549 | D:5      | Reached XP level 7. HP: 49/51 MP: 4/7
  1635 | D:5      | Reached skill level 8 in Long Blades
  1681 | D:5      | Found Ikkugit's Weapon Shop.
  1684 | D:5      | Bought a +0 long sword of freezing for 91 gold pieces
  1850 | D:5      | Reached skill level 1 in Dodging
  1940 | D:5      | Got a dazzling falchion
  1941 | D:5      | Identified the +10 falchion "Wyfiox" {slice, Dex+2} (You took it off an orc on level 5 of the Dungeon)
  2002 | D:5      | Found a staircase to the Ecumenical Temple.
  2052 | D:5      | Noticed a sky beast
  2060 | D:5      | Killed a sky beast
  2060 | D:5      | Reached skill level 1 in Invocations
  2242 | D:6      | Found a blossoming altar of Fedhas.
  2242 | D:6      | Found a shadowy altar of Dithmenos.
  2243 | D:6      | Found a shattered altar of Ashenzari.
  2320 | D:6      | Acquired Makhleb's third power
  2370 | D:6      | Reached XP level 8. HP: 58/58 MP: 7/9
  2664 | D:6      | Reached skill level 9 in Long Blades
  2712 | D:6      | Found Chemajae's Gadget Shop.
  3169 | D:7      | Acquired Makhleb's fourth power
  3227 | D:8      | Found a deep blue altar of Sif Muna.
  3322 | D:8      | Reached XP level 9. HP: 66/66 MP: 14/14
  3359 | D:8      | Noticed Grum
  3377 | D:8      | Killed Grum
  3377 | D:8      | Reached skill level 10 in Long Blades
  3745 | D:8      | Reached skill level 5 in Fighting
  3993 | D:9      | Reached skill level 5 in Dodging
  3998 | D:9      | Found a shimmering altar of Xom.
  3999 | D:9      | Found a white marble altar of Elyvilon.
  4147 | D:9      | Acquired Makhleb's fifth power
  4193 | D:9      | Found a staircase to the Lair.
  4318 | D:9      | Got a twisted ring mail
  4345 | D:9      | Identified the +7 ring mail of Yfaddeze {rElec rF++ MP-9} (You found it on level 9 of the Dungeon)
  4364 | D:9      | Reached XP level 10. HP: 64/76 MP: 9/18
  4383 | D:9      | Reached skill level 11 in Long Blades
  4437 | D:10     | Entered Level 10 of the Dungeon
  4505 | D:10     | Reached skill level 5 in Invocations
  4598 | D:10     | Got a pitted scimitar
  4600 | D:10     | Identified the cursed +1 scimitar "Cing" {flame, rF+ Str+3 Dex-5} (You found it on level 10 of the Dungeon)
  4677 | D:10     | Noticed an unseen horror
  4818 | D:10     | Noticed an anaconda
  4831 | D:10     | Killed an anaconda
  5118 | Lair:1   | Entered Level 1 of the Lair of Beasts
  5490 | Lair:2   | Reached skill level 12 in Long Blades
  5600 | Lair:2   | Found an opulent altar of Gozag.
  5611 | Lair:2   | Found a labyrinth entrance.
  5620 | Lab      | Entered a labyrinth
  6244 | Lab      | Noticed a minotaur
  6255 | Lab      | Killed a minotaur
  6255 | Lab      | Reached XP level 11. HP: 67/84 MP: 6/20
  6272 | Lab      | Learned a level 2 spell: Repel Missiles
  6277 | Lair:2   | Identified a +5 rod of shadows (14/14) (You found it in a labyrinth)
  6355 | Lair:2   | Noticed a black mamba
  6362 | Lair:2   | Killed a black mamba
  6726 | Lair:3   | Noticed an eight-headed hydra
  6737 | Lair:3   | Killed a seven-headed hydra
  6997 | Lair:3   | Gained mutation: You are surrounded by a mild repulsion field (EV +2). [potion of beneficial mutation]
  6999 | Lair:3   | Noticed Nergalle
  7014 | Lair:3   | Killed from afar by Nergalle

Action                   |  1- 3 |  4- 6 |  7- 9 | 10-12 || total
-------------------------+-------+-------+-------+-------++-------
Melee: Long sword        |   118 |   102 |    88 |       ||   308
       Falchion          |       |       |   248 |    46 ||   294
       Scimitar          |       |       |       |   219 ||   219
Invok: Minor Destruction |       |    10 |     4 |     4 ||    18
       Lesser Servant of |       |       |     1 |     7 ||     8
Evoke: Deck              |     5 |       |       |       ||     5
       Wand              |       |       |       |    11 ||    11
  Use: Scroll            |       |     3 |    13 |    14 ||    30
       Potion            |       |       |       |     3 ||     3
 Stab: Distracted        |       |       |       |     1 ||     1
  Eat: Corpse            |    10 |     6 |    22 |    11 ||    49
